 Dungeon Crawl Stone Soup version 0.29-a0-486-ga88943ba61 (webtiles) character file.

Game seed: 10543930377103680232

2363 Morbidden the Ruffian (level 9, -2/80 HPs)
             Began as a Troll Conjurer on May 26, 2022.
             Was a Follower of Cheibriados.
             Slain by an orc warrior
             ... wielding a +0 mace
              (13 damage)
             ... on level 6 of the Dungeon.
             The game lasted 00:11:17 (6549 turns).

Morbidden the Ruffian (Troll Conjurer)              Turns: 6549, Time: 00:11:18

Health: -2/80      AC:  6    Str: 19    XL:     9   Next: 21%
Magic:  4/12       EV: 11    Int: 26    God:    Cheibriados [*.....]
Gold:   201        SH:  0    Dex: 13    Spells: 5/13 levels left

rFire   . . .      SeeInvis +     - Unarmed
rCold   . . .      Faith    .   (no shield)
rNeg    . . .      Spirit   .   s - +2 robe {Will+}
rPois   .          Reflect  .   (helmet restricted)
rElec   .          Harm     .   (no cloak)
rCorr   .          Rampage  .   (gloves unavailable)
Will    +....      Clarity  +   (boots unavailable)
Stlth   ++........              d - amulet of regeneration
HPRegen 1.83/turn               e - ring of see invisible
MPRegen 0.13/turn               m - ring of Yshautaa {Int+6 Dex+3}

@: very slow
A: large, unfitting armour, claws 3, regeneration 1, shaggy fur 1, tough skin 1,
clarity, sturdy frame 1
a: Renounce Religion, Bend Time


You were on level 6 of the Dungeon.
You worshipped Cheibriados.
Cheibriados was aware of your devotion.
You visited 2 branches of the dungeon, and saw 7 of its levels.

You collected 234 gold pieces.
You spent 33 gold pieces at shops.

Inventory:

Missiles
 f - 15 poisoned darts
 k - 8 boomerangs (quivered)
Armour
 s - a +2 robe of willpower (worn)
Jewellery
 d - an amulet of regeneration (around neck)
 e - a ring of see invisible (left claw)
 m - the ring of Yshautaa (right claw) {Int+6 Dex+3}
   (You acquired it on level 5 of the Dungeon)

   [ring of intelligence]

   Int:       It affects your intelligence (+6).
   Dex:       It affects your dexterity (+3).
Wands
 g - a wand of flame (6)
 q - a wand of digging (1)
Scrolls
 j - 5 scrolls of identify
 n - 2 scrolls of immolation
 w - a scroll of torment
 x - a scroll of brand weapon
Potions
 a - a potion of ambrosia {unknown}
 b - 3 potions of magic
 c - a potion of resistance
 h - a potion of heal wounds {unknown}
 l - a potion of attraction {unknown}
 o - a potion of haste
 p - a potion of flight {unknown}
 r - 2 potions of might {unknown}
 t - a potion of mutation
 u - 2 potions of cancellation


   Skills:
 * Level 2.6 Fighting
 + Level 1.5 Throwing
 * Level 4.5 Dodging
 + Level 1.3 Stealth
 * Level 7.6 Unarmed Combat
 * Level 2.6 Spellcasting
 * Level 4.5 Conjurations
 * Level 1.3 Translocations
 * Level 1.3 Transmutations


You had 5 spell levels left.
You knew the following spells:

 Your Spells              Type           Power      Damage    Failure   Level
a - Magic Dart            Conj           100%       1d8       1%          1
b - Searing Ray           Conj           54%        2d6       2%          2
c - Sting                 Tmut/Pois      28%        1d4       8%          1
z - Iskenderun's Mystic   Conj/Tloc      18%        2d6       28%         4

Your spell library contained the following spells:

 Spells                   Type           Power      Damage    Failure   Level
 Beastly Appendage        Tmut           20%        N/A       5%          1
 Sandblast                Erth           6%         2d5       10%         1
 Passwall                 Tmut/Erth      5%         N/A       11%         2
 Dazzling Flash           Conj/Hex       30%        N/A       12%         3
 Stone Arrow              Conj/Erth      30%        3d8       12%         3
 Mephitic Cloud           Conj/Pois/Air  11%        N/A       16%         3
 Gell's Gravitas          Tloc           10%        N/A       17%         3
 Teleport Other           Tloc           10%        N/A       17%         3
 Fulminant Prism          Conj/Hex       7%         3d7       36%         4
 Animate Dead             Necr           3%         N/A       67%         4
 Lightning Bolt           Conj/Air       7%         1d20      71%         5
 Dispersal                Tloc           5%         N/A       100%        6
 Haunt                    Necr/Summ      1%         N/A       100%        7
 Infestation              Necr           1%         N/A       100%        8
 Chain Lightning          Conj/Air       7%         3d10      100%        9


Dungeon Overview and Level Annotations

Branches:
Dungeon (6/15)             Temple (1/1) D:5

Altars:
Ashenzari
Cheibriados
Elyvilon
Fedhas
Gozag
Hepliaklqana
Makhleb
Nemelex Xobeh
Okawaru
Sif Muna
Vehumet
Wu Jian
The Shining One

Shops:
D:1 ?[   D:2 ?

Annotations:
D:6 1 runed translucent door, 2 transporters, Crazy Yiuf; makewrite's ghost, novice TrBe


Innate Abilities, Weirdness & Mutations

You are too large for most types of armour.
You have claws for hands.
Your natural rate of healing is unusually fast.
You are covered in fur. (AC +1)
You have tough skin. (AC +1)
You possess an exceptional clarity of mind.
Your movements are slightly less encumbered by armour. (ER -2)


Message History

The orc warrior barely misses you.
Unknown command.
Unknown command.
The searing ray hits the orc warrior but does no damage.
The orc warrior is heavily wounded.
You finish channelling your searing ray.
The orc warrior closely misses you.
Unknown command.
Unknown command.
Unknown command.
The orc warrior closely misses you.
Unknown command.
You barely miss the orc warrior.
The orc warrior is heavily wounded.
The orc warrior hits you with a +0 mace!
You scratch the orc warrior but do no damage.
The orc warrior is heavily wounded.
The orc warrior hits you with a +0 mace!
You are too injured to fight recklessly!
You are too injured to fight recklessly!
You are too injured to fight recklessly!
Unknown command.
You barely miss the orc warrior.
The orc warrior is heavily wounded.
The orc warrior hits you with a +0 mace.
You claw the orc warrior!
The orc warrior is severely wounded.
You barely miss the orc warrior.
The orc warrior is severely wounded.
The orc warrior hits you with a +0 mace!
* * * LOW HITPOINT WARNING * * *
You barely miss the orc warrior. Your claw misses the orc warrior.
The orc warrior is severely wounded.
The orc warrior hits you with a +0 mace!
* * * LOW HITPOINT WARNING * * *
Unknown command.
You scratch the orc warrior but do no damage.
The orc warrior is severely wounded.
The orc warrior hits you with a +0 mace!
You die...

##≈..♣..≈#.# #..........#
...♣._.♣...# .÷.........#
.#≈..♣..≈#.# # .#≈≈...≈≈#.# .##o
.###...###.# ##########..... ##
##.#^..## ####...........?.#
####.....#####.@o).).........#
##.†............##........##.#..
...####<..########........# ####
#...# ########## ### #.#... ).#
#.#.).. #.## #.#....# #..#
#.#..#.###### ##.# #.##.#.#....


You could see an orc warrior.

Vanquished Creatures
  Prince Ribbit (D:5)
  Sigmund (D:3)
  Edmund (D:4)
  A water moccasin (D:4)
  4 ogres
  A centaur (D:6)
  3 phantoms
  Blork the orc (D:4)
  A bullfrog (D:6)
  3 scorpions
  An oklob sapling (D:5)
  2 hounds
  A jelly (D:4)
  4 orc priests
  Ijyb (D:3)
  Jessica (D:3)
  7 orc wizards
  Natasha (thrice) (D:4)
  4 iguanas
  Robin (D:3)
  4 gnolls
  3 adders
  A white imp (D:5)
  A worm (D:2)
  2 dart slugs
  28 orcs
  6 ball pythons
  4 endoplasms
  5 giant cockroaches
  11 goblins
  10 hobgoblins
  7 quokkas
  5 bats
  3 frilled lizards
  2 goblin skeletons (D:5)
  2 hobgoblin zombies (D:5)
  6 kobolds
  2 kobold skeletons (D:5)
  A kobold zombie (D:5)
  2 orc skeletons (D:5)
  2 orc zombies (D:5)
  5 rats
154 creatures vanquished.

Vanquished Creatures (others)
  A quokka (D:6)
  7 plants (D:5)
8 creatures vanquished.

Grand Total: 162 creatures vanquished

Notes
Turn   | Place    | Note
-------+----------+-------------------------------------------
     0 | D:1      | Morbidden the Troll Conjurer began the quest for the Orb.
     0 | D:1      | Reached XP level 1. HP: 16/16 MP: 1/1
    25 | D:1      | Found Opeac's Magic Scroll Emporium.
    44 | D:1      | Reached XP level 2. HP: 15/26 MP: 2/2
   172 | D:1      | Found Gainet's Armour Boutique.
   317 | D:1      | Reached XP level 3. HP: 32/32 MP: 4/4
   942 | D:2      | Found a faded altar of an unknown god.
  1082 | D:2      | Reached skill level 1 in Unarmed Combat
  1297 | D:2      | Learned a level 2 spell: Searing Ray
  1374 | D:2      | Found Pianeuh's Magic Scroll Boutique.
  1478 | D:2      | Bought a scroll of teleportation for 33 gold pieces
  1536 | D:3      | Noticed Jessica
  1539 | D:3      | Killed Jessica
  1540 | D:3      | Reached skill level 1 in Fighting
  1540 | D:3      | Reached XP level 4. HP: 39/41 MP: 1/5
  1697 | D:3      | Noticed Robin
  1704 | D:3      | Noticed Ijyb
  1708 | D:3      | Killed Robin
  1747 | D:3      | Killed Ijyb
  1750 | D:3      | Reached skill level 2 in Unarmed Combat
  1914 | D:3      | Reached XP level 5. HP: 48/48 MP: 6/6
  1951 | D:3      | Noticed Sigmund
  1967 | D:3      | Killed Sigmund
  1968 | D:3      | Reached skill level 3 in Unarmed Combat
  1968 | D:3      | Reached XP level 6. HP: 55/55 MP: 0/7
  2531 | D:4      | Noticed Edmund
  2648 | D:4      | Noticed Natasha
  2655 | D:4      | Killed Natasha
  2822 | D:4      | Reached skill level 4 in Unarmed Combat
  3078 | D:4      | Killed Edmund
  3079 | D:4      | Reached XP level 7. HP: 36/65 MP: 1/9
  3175 | D:4      | Noticed Natasha
  3187 | D:4      | Killed Natasha
  3216 | D:4      | Reached skill level 1 in Throwing
  3468 | D:4      | Noticed Natasha
  3472 | D:4      | Killed Natasha
  3515 | D:4      | Reached skill level 5 in Unarmed Combat
  3555 | D:4      | Learned a level 4 spell: Iskenderun's Mystic Blast
  3637 | D:4      | Noticed Blork the orc
  3654 | D:4      | Killed Blork the orc
  3685 | D:4      | Reached XP level 8. HP: 42/72 MP: 6/10
  3940 | D:5      | Entered Level 5 of the Dungeon
  3946 | D:5      | Got Zucaaf's Guide on Mutagenic Flight
  3995 | D:5      | Learned a level 1 spell: Sting
  4076 | D:5      | Found a shimmering blue altar of Sif Muna.
  4093 | D:5      | Found a blossoming altar of Fedhas.
  4328 | D:5      | Reached skill level 6 in Unarmed Combat
  4437 | D:5      | Found a glowing golden altar of the Shining One.
  4741 | D:5      | Found a staircase to the Ecumenical Temple.
  5018 | D:5      | Identified a scroll of acquirement
  5018 | D:5      | Acquired the ring of Yshautaa {Int+6 Dex+3}
  5300 | Temple   | Entered the Ecumenical Temple
  5445 | Temple   | Became a worshipper of Cheibriados the Contemplative
  5593 | D:6      | Noticed Prince Ribbit
  5600 | D:5      | Reached skill level 1 in Transmutations
  5697 | D:5      | Gained mutation: Your movements are slightly less
                  | encumbered by armour. (ER -2) [potion of mutation]
  5697 | D:5      | Gained mutation: You possess an exceptional clarity of
                  | mind. [potion of mutation]
  5875 | D:5      | Killed Prince Ribbit
  5876 | D:5      | Reached skill level 1 in Translocations
  6038 | D:6      | Found a runed translucent door.
  6039 | D:6      | Noticed Crazy Yiuf
  6075 | D:6      | Reached XP level 9. HP: 61/80 MP: 9/12
  6083 | D:6      | Reached skill level 7 in Unarmed Combat
  6187 | D:6      | Found a transporter.
  6188 | D:6      | Noticed makewrite's ghost (novice TrBe)
  6202 | D:6      | Found a transporter.
  6482 | D:6      | Found a white marble altar of Elyvilon.
  6539 | D:6      | Reached * piety under Cheibriados
  6549 | D:6      | Slain by an orc warrior

Illustrated notes

Levels and vault maps discovered:
D:1:      minmay_arrival_doors, layout_rooms, serial_shops, shop_fountains,
          nicolae_shop_advertising_works [nicolae_subvault_shop_adworks]
D:2:      layout_basic, dreamdust_ecumenical_altar_grove, serial_shops,
          nicolae_shop_hallway_stairs
D:3:      layout_basic, kennysheep_decorative_pillar, palyth_stone_intersect,
          uniq_sigmund, uniq_robin, uniq_ijyb, uniq_jessica
D:4:      layout_basic, uniq_edmund, uniq_natasha, uniq_blork_the_orc
D:5:      minmay_skewed_foursquare, layout_basic, fedhas_altar_1,
          nicolae_tso_besieged_by_evil, mainiacjoe_overflow_alcove_1,
          minmay_temple_entry_oklob, hangedman_abyss_or_decor_lesser_grid
D:6:      layout_rooms, elyvilon_altar_4, gammafunk_ghost_stat_death,
          grunt_decor_arrowhead, minivault_26, uniq_crazy_yiuf_cottage,
          uniq_prince_ribbit1
Temple:   dpeg_chambers_temple

Skill      XL: |  1  2  3  4  5  6  7  8  9 |
---------------+----------------------------+-----
Conjurations   | 3 4 |  4.5
Unarmed Combat | 1 2 3 4 5 6 7 |  7.6
Fighting       | 1 2 |  2.6
Dodging        | 2 3 4 |  4.5
Spellcasting   | 2 |  2.6
Throwing       | 1 |  1.5
Transmutations | 1 |  1.3
Translocations | 1 |  1.3
Stealth        | |  1.3

Action                   |  1- 3 |  4- 6 |  7- 9 || total
-------------------------+-------+-------+-------++-------
Melee: Unarmed           |    53 |   101 |   213 ||   367
       Punch             |     1 |     1 |     3 ||     5
Throw: Dart              |       |    10 |       ||    10
       Boomerang         |       |     4 |     8 ||    12
       Throwing net      |       |     1 |       ||     1
 Cast: Magic Dart        |    42 |    42 |    49 ||   133
       Searing Ray       |       |     2 |    17 ||    19
       Sting             |       |       |     1 ||     1
  Use: Scroll            |       |     8 |     6 ||    14
       Potion            |       |       |     1 ||     1
Armor: Robe              |    18 |    38 |    60 ||   116
Dodge: Dodged            |    25 |    52 |    96 ||   173

Table legend: (Time is in decaauts)
 A = Elapsed time spent in this place.
 B = Non-inter-level travel time spent in this place.
 C = Inter-level travel time spent in this place.
 D = Time resting spent in this place.
 E = Time spent auto-exploring this place.
 F = Levels seen in this place.
 G = Mean time per level.
                   A        B        C        D        E       F      G
               +--------+--------+--------+--------+--------+-----+--------+
         Total |   6656 |   6398 |    258 |    825 |   4320 |   7 |  950.9 |
       Dungeon |   6484 |   6252 |    232 |    825 |   4208 |   6 | 1080.7 |
        Temple |    172 |    147 |     25 |      0 |    112 |   1 |  172.0 |
               +--------+--------+--------+--------+--------+-----+--------+

Top non-repeatable levels by time:
     D:4: 1685 daAuts
     D:5: 1613 daAuts
     D:3: 912 daAuts
     D:6: 792 daAuts
     D:2: 784 daAuts
     D:1: 696 daAuts
  Temple: 172 daAuts
